[Event "*** Titled Tuesday 3|2 Blitz"]
[Site "Chess.com"]
[Date "2016.10.04"]
[Round "1"]
[White "sandropozo"]
[Black "dretch"]
[Result "1/2-1/2"]
[WhiteElo "2348"]
[BlackElo "2634"]
[TimeControl "180+2"]
[EndTime "11:09:19 PDT"]
[Termination "Game drawn by stalemate"]

1. d4 d5 2. c4 c6 3. Nc3 dxc4 4. a4 e5 5. Nf3 exd4 6. Qxd4 Qxd4 7. Nxd4 Nd7 8. e4 Ne5 9. f4 Nd3+ 10. Bxd3 cxd3 11. Be3 Nf6 12. O-O-O Bb4 13. e5 Ng4 14. Rxd3 Nxe3 15.
Rxe3 O-O 16. Ne4 Rd8 17. Nc2 Be7 18. h3 b5 19. a5 c5 20. g4 Bb7 21. Rd1 Rxd1+ 22.
Kxd1 Rd8+ 23. Ke2 c4 24. Nd6 Bxd6 25. exd6 Kf8 26. Re7 Re8 27. Nd4 a6 28. Ne6+ fxe6 29. Rxb7 Rc8 30. Rb6 Ke8 31. Rxa6 c3 32. bxc3 Kd7 33.
Rb6 Rxc3 34. a6 Rxh3 35. Rxb5 Ra3 36. Rb6 h6 37. Kd2 g6 38. Kc2 h5 39. gxh5 gxh5 40. Kb2 Ra5 41. Kb3 h4 42. Kb4 Ra1 43. Kb5 h3 44.
Rb7+ Kxd6 45. Rh7 Ra3 46. Kb6 Rb3+ 47. Ka7 Kd5 48. Ka8 Ke4 49. Rh4 Kf5 50. a7 Kg6 51.
Rh8 Kf5 52. Rh4 Ke4 53. Rh6 Kxf4 54. Rxe6 h2 55. Rh6 Kg3 56. Rxh2 Kxh2 1/2-1/2

[Event "*** Titled Tuesday 3|2 Blitz"]
[Site "Chess.com"]
[Date "2016.10.04"]
[Round "1"]
[White "nihalsarin"]
[Black "Scott-fox21"]
[Result "1-0"]
[WhiteElo "2463"]
[BlackElo "2151"]
[TimeControl "180+2"]
[EndTime "11:09:22 PDT"]
[Termination "nihalsarin won by checkmate"]

1. d4 d5 2. Bf4 c5 3. e3 Nc6 4. c3 Nf6 5. Nf3 Qb6 6. Qb3 c4 7. Qc2 Bf5 8. Qc1 Nh5 9. Bg3 e6 10. Nbd2 h6 11. b3 Nxg3 12. hxg3 cxb3 13. axb3 a6 14. Be2 Rc8 15. Qb2 Bd6 16. O-O O-O 17. c4 dxc4 18. Nxc4 Qc7 19. Nfd2 Bb4 20. Rfc1 Qd8 21.
Bf3 a5 22. Ne4 b5 23. Ncd2 Ne7 24. g4 Bg6 25. Be2 Qd7 26. Nc5 Rxc5 27. Rxc5 Bxc5 28.
dxc5 Ra8 29. Nf3 Qc7 30. b4 a4 31. Bxb5 Rb8 32. Bxa4 Nd5 33. b5 Qxc5 34. Rc1 Qa7 35. Bd1 Qa5 36. Be2 Kh7 37. Ne5 Qb4 38. Qxb4 Nxb4 39.
Nxg6 Kxg6 40. Rc4 Nd5 41. Rd4 Rb6 42. e4 Nc3 43. Bd3 Kf6 44. f4 e5 45. Rc4 Nxb5 46.
fxe5+ Kxe5 47. Rc5+ Kd4 48. Rxb5 Rc6 49. Rd5+ Ke3 50. e5 Rc1+ 51. Kh2 Rd1 52. Bc4 Rc1 53. Bb3 Kf4 54. Rb5 Kxg4 55. Bxf7 Re1 56. e6 h5 57. Bxh5+ Kh4 58. g3# 1-0

[Event "*** Titled Tuesday 3|2 Blitz"]
[Site "Chess.com"]
[Date "2016.10.04"]
[Round "1"]
[White "mwpchess"]
[Black "chessbia"]
[Result "1-0"]
[WhiteElo "2445"]
[BlackElo "2016"]
[TimeControl "180+2"]
[EndTime "11:09:29 PDT"]
[Termination "mwpchess won by resignation"]

1. e4 e5 2. Nf3 Nc6 3. Bb5 a6 4. Ba4 Nf6 5. O-O Be7 6. Re1 b5 7. Bb3 O-O 8. h3 Bb7 9. d3 h6 10. Nc3 Re8 11. a3 d6 12. Nd5 Nxd5 13. Bxd5 Bf6 14.
Bd2 Qc8 15. a4 Ne7 16. Bb3 c5 17. c3 Qc7 18. Qe2 Ng6 19. Nh2 Qc6 20. Ng4 Be7 21. Qf3 Rf8 22. Ne3 Qc7 23. Nf5 Kh7 24. Bxh6 gxh6 25.
Qh5 Bg5 26. h4 Nf4 27. Qf3 Bf6 28. g3 Ng6 29. Nxh6 Kxh6 30. Qxf6 c4 31. Bd1 Qe7 32. Qf5 Bc8 33. Qf3 cxd3 34. Qxd3 Be6 35. Bf3 Bc4 36. Qe3+ Kg7 37. Kg2 Rad8 38. h5 Nh8 39. h6+ Kh7 40.
Rh1 Ng6 41. axb5 axb5 42. Ra7 Qf6 43. Rh5 Be6 44. Be2 b4 45. cxb4 Rb8 46. b5 d5 47.
exd5 Bxd5+ 48. Kh2 Rbc8 49. Bd3 Kh8 50. Rf5 Qe6 51.
Qg5 e4 52. Bb1 Ba8 53. Ba2 Qb6 54. Raxf7 Rxf7 55. Bxf7 Rg8 56. Bxg8 Kxg8 57. Rf6 1-0

[Event "*** Titled Tuesday 3|2 Blitz"]
[Site "Chess.com"]
[Date "2016.10.04"]
[Round "1"]
[White "FLchessplayer"]
[Black "GMOratovsky"]
[Result "0-1"]
[WhiteElo "2026"]
[BlackElo "2420"]
[TimeControl "180+2"]
[EndTime "11:09:31 PDT"]
[Termination "GMOratovsky won on time"]

1. d4 d6 2. e4 Nf6 3. Nc3 e5 4. dxe5 dxe5 5. Qxd8+ Kxd8 6. Bg5 Be6 7. O-O-O+ Nd7 8.
Nf3 Bd6 9. Bb5 Ke7 10. Ba4 c6 11. Bb3 h6 12. Bh4 g5 13. Bg3 Nh5 14. Bxe6 Kxe6 15. Rd3 Bc7 16. Rhd1 Nc5 17. R3d2 Nxg3 18. hxg3 Rad8 19. a3 f6 20. Rxd8 Rxd8 21. Rxd8 Bxd8 22. Kd2 h5 23. Ke2 Ke7 24. Nd2 Ne6 25. Nb3 Bb6 26.
f3 h4 27. g4 Nf4+ 28. Kf1 Ne6 29. Na4 Be3 30. Ke2 Bg1 31. Kf1 Be3 32. Ke2 Bb6 33. Nxb6 axb6 34. c3 Kd6 35. Nd2 Nf4+ 36. Kf1 b5 37.
Nb3 Nd3 38. Na5 b6 39. Nb3 Nxb2 40. Ke2 Nc4 41. Nc1 Nxa3 42. Kd3 Nc4 43. Nb3 c5 44. Nc1 Na5 45. Ne2 Nc6 46. Ng1 c4+ 47. Kc2 Kc5 48.
Nh3 b4 49. Nf2 bxc3 50. Kxc3 b5 51. Kc2 Nd4+ 52. Kb2 b4 53. Nd1 c3+ 54. Kc1 Ne2+ 55. Kc2 Kd4 0-1

[Event "*** Titled Tuesday 3|2 Blitz"]
[Site "Chess.com"]
[Date "2016.10.04"]
[Round "1"]
[White "GianmarcoVaR"]
[Black "GeorgMeier"]
[Result "0-1"]
[WhiteElo "2383"]
[BlackElo "2723"]
[TimeControl "180+2"]
[EndTime "11:09:35 PDT"]
[Termination "GeorgMeier won by resignation"]

1. d4 e6 2. Nf3 d5 3. Bf4 Nf6 4.
e3 Be7 5. h3 O-O 6. c3 b6 7.
Nbd2 c5 8. Bd3 Ba6 9. Bxa6 Nxa6 10. Qe2 Qc8 11. O-O Qb7 12. a4 Rfd8 13. Ne5 Rac8 14. Rfd1 Nc7 15. Nd3 a5 16. Ne5 Nce8 17. Nef3 Nd6 18.
Bxd6 Bxd6 19. Qb5 g6 20. Nb3 Qc7 21. dxc5 Bxc5 22. Nbd4 Ne4 23. Qe2 Nd6 24. Nb5 Nxb5 25. Qxb5 Qd7 26. Qb3 Qc7 27. Qb5 Qc6 28. Qxc6 Rxc6 29.
Kf1 Rb8 30. Ne5 Rc7 31. Nd3 Bd6 32. Ke2 Kg7 33. Kd2 h5 34. Ne1 f6 35. Nc2 Bc5 36. Na3 Bxa3 37. Rxa3 Kf7 38. Rb3 Rc4 39. Ra1 Rc5 40. Kd3 e5 41. Rd1 Ke6 42. Ke2 h4 43. Re1 g5 44. Rd1 f5 45. f3 Rb7 46. Rd2 b5 47. axb5 Rcxb5 48. Rxb5 Rxb5 49. Kd1 Rb8 50.
Kc2 a4 51. Rd1 f4 52. e4 dxe4 53. fxe4 g4 54. hxg4 Rg8 55. Rh1 Rxg4 56. Kb1 Kd6 57. Ka2 Rxg2 58. Rxh4 Re2 59. Rh6+ Kc5 60. Kb1 Rxe4 61.
Kc2 f3 62. Kd3 Re2 63. Rh5 Kd6 64. Rf5 e4+ 65. Kd4 f2 66. c4 e3 67. Rf6+ Ke7 68. Rf4 Re1 0-1

[Event "*** Titled Tuesday 3|2 Blitz"]
[Site "Chess.com"]
[Date "2016.10.04"]
[Round "1"]
[White "stuffings101"]
[Black "Tash_Boy"]
[Result "0-1"]
[WhiteElo "2136"]
[BlackElo "2455"]
[TimeControl "180+2"]
[EndTime "11:09:46 PDT"]
[Termination "Tash_Boy won by resignation"]

1. Nf3 Nf6 2. g3 g6 3. Bg2 Bg7 4. O-O O-O 5. d3 d6 6. c3 e5 7. a4 Re8 8. e4 c6 9. a5 d5 10. Qe2 Nbd7 11. Re1 Qc7 12. Bg5 dxe4 13. dxe4 Rb8 14.
Nbd2 b5 15. axb6 axb6 16. Red1 h6 17. Bxf6 Bxf6 18. Nc4 Re6 19. Qe3 Kg7 20. h4 b5 21.
Ncd2 Be7 22. Nb3 Bf8 23. h5 Rd6 24. hxg6 fxg6 25. Bh3 Rxd1+ 26. Rxd1 Nf6 27. Bxc8 Rxc8 28.
Kg2 Ng4 29. Qe2 Re8 30. Nh4 Nf6 31. Qf3 Be7 32. Qe2 Rf8 33. Rd3 c5 34. Rf3 c4 35. Nd2 Qc6 36. Qe1 Rd8 37. b3 Nh5 38. bxc4 bxc4 39. Qe2 Bxh4 40. gxh4 Nf4+ 41. Rxf4 exf4 42. Nxc4 Rc8 43. Ne5 Qe6 44. Qb5 Rxc3 45.
Qb7+ Kg8 46. Qb8+ Rc8 47. Qb5 Re8 48. Nd3 Qxe4+ 0-1

[Event "*** Titled Tuesday 3|2 Blitz"]
[Site "Chess.com"]
[Date "2016.10.04"]
[Round "1"]
[White "hansen"]
[Black "CheckThis4"]
[Result "1-0"]
[WhiteElo "2642"]
[BlackElo "2339"]
[TimeControl "180+2"]
[EndTime "11:09:47 PDT"]
[Termination "hansen won by checkmate"]

1. e4 c5 2. Nf3 d6 3. Bb5+ Nd7 4.
c3 Nf6 5. Qe2 a6 6. Ba4 b5 7.
Bc2 Bb7 8. O-O e6 9. d4 Be7 10. Rd1 Qc7 11. Bd3 O-O 12. Nbd2 cxd4 13. cxd4 Rac8 14.
Nf1 e5 15. Ng3 Rfe8 16. d5 Nc5 17. Bc2 b4 18. Bd2 a5 19. Rac1 Ba6 20. Qe3 Ng4 21. Qe1 Qb6 22. h3 Nf6 23. Be3 Bf8 24. a3 Nfd7 25.
axb4 axb4 26. b3 Qb7 27. Nf5 g6 28. Nh6+ Bxh6 29. Bxh6 f6 30. Nh2 Re7 31. Ng4 Rf7 32. f4 exf4 33. Bxf4 Ne5 34. Bxe5 fxe5 35. Nh6+ Kg7 36.
Nxf7 Qxf7 37. Qxb4 Rf8 38. Qd2 Qa7 39. Kh1 Rf4 40.
b4 Nd7 41. Ra1 Nf6 42. b5 Nh5 43. Rxa6 Qc5 44. Rc6 Qa3 45. Rc7+ Kf6 46. Bd3 Qa4 47. b6 Qd4 48. b7 Rf2 49. Qxf2+ Qxf2 50. b8=Q Nf4 51.
Bf1 Kg5 52. Qd8+ Kh6 53. Qf8+ Kg5 54. Rf7 h6 55. Qe7+ Kh5 56. g4# 1-0

[Event "*** Titled Tuesday 3|2 Blitz"]
[Site "Chess.com"]
[Date "2016.10.04"]
[Round "1"]
[White "Paralinch"]
[Black "MateusViageiro"]
[Result "1/2-1/2"]
[WhiteElo "2552"]
[BlackElo "2313"]
[TimeControl "180+2"]
[EndTime "11:09:51 PDT"]
[Termination "Game drawn by repetition"]

1. e4 c5 2. Nf3 d6 3. d4 cxd4 4. Nxd4 Nf6 5. Nc3 a6 6. Be3 Ng4 7. Bc1 Nf6 8. h3 e5 9. Nf3 Qc7 10. a4 Be6 11. a5 Nc6 12. Nd5 Bxd5 13. exd5 Nxa5 14. c4 b6 15. Qa4+ Nd7 16. Bd3 Be7 17. Qc2 Nc5 18. O-O Nab3 19. Ra3 Nxc1 20. Rxc1 Nxd3 21. Qxd3 O-O 22. b4 f5 23. Qb1 g6 24.
Qa2 a5 25. c5 Kh8 26. c6 Bf6 27. Nd2 Bg5 28. Ra1 Bxd2 29. Qxd2 f4 30. bxa5 bxa5 31.
Rxa5 Rxa5 32. Qxa5 Qf7 33. f3 e4 34. fxe4 f3 35. Qc3+ Kg8 36. Qxf3 Qg7 37. Qd1 Qe5 38. Rc1 Qxe4 39. c7 Rc8 40. Qd2 Qe7 41. Qc3 Qg7 42. Qc6 Qe7 43. Kh1 Kg7 44. Qb6 Qd7 45. Qb2+ Kg8 46. Qb7 Qf5 47. Rb1 Kg7 48. Rc1 Kh6 49.
Qc6 Qf4 50. Rc4 Qf6 51. Rc1 Qf4 52. Qc2 Kg7 53. Qc3+ Qf6 54. Kh2 Qxc3 55. Rxc3 Kf6 56. Kg3 Ke5 57. Rc1 Kxd5 58. Kf4 Ke6 59. Kg5 Kd7 60.
Kh6 Rxc7 61. Re1 Kc6 62. Rc1+ Kb6 63. Rb1+ Kc6 64. Rc1+ Kb6 65. Rb1+ Kc6 66. Rc1+ Kb6 1/2-1/2

[Event "*** Titled Tuesday 3|2 Blitz"]
[Site "Chess.com"]
[Date "2016.10.04"]
[Round "1"]
[White "josiwales"]
[Black "Kouzari"]
[Result "1-0"]
[WhiteElo "2208"]
[BlackElo "2450"]
[TimeControl "180+2"]
[EndTime "11:09:54 PDT"]
[Termination "josiwales won by resignation"]

1. e4 e6 2. d3 d5 3. Qe2 Nf6 4. Nf3 Be7 5. e5 Nfd7 6. g3 c5 7. Bg2 Nc6 8. h4 b5 9. O-O Bb7 10. h5 h6 11. Bf4 g5 12. hxg6 fxg6 13. Bh3 Nf8 14. d4 cxd4 15. Qxb5 Qd7 16. Qd3 g5 17. Bd2 Rg8 18. Bg4 O-O-O 19. Re1 Ng6 20.
Nxd4 Nxd4 21. Qxd4 Kb8 22. Nc3 Qc6 23. Be3 a6 24.
Na4 h5 25. Be2 Nf4 26. Qa7+ Kc8 27. Nb6+ Kc7 28. Bxa6 Nh3+ 29. Kh2 d4 30. Bxb7 Qxb6 31. Qxb6+ Kxb6 32. Kxh3 dxe3 33. Be4 exf2 34. Re2 Bc5 35. c3 Kc7 36. b4 Bb6 37. a4 Rgf8 38. Rf1 Rd7 39.
a5 Ba7 40. b5 Bc5 41. b6+ Kb8 42. Rb2 Rd5 43. Bxd5 exd5 44. Rb5 Be3 45. Rxd5 Kb7 46. Rd3 Bc5 47. Kg2 h4 48. Rd5 Be3 49. e6 hxg3 50.
e7 Re8 51. Rd7+ Kc6 52. Rc7+ Kb5 53. Kxg3 Bf4+ 54. Kf3 Bxc7 55. bxc7 Kc6 56. Rxf2 Kxc7 57. Re2 Kc6 58. Kg4 Kb5 59. Kxg5 Rxe7 60. Rxe7 1-0

[Event "*** Titled Tuesday 3|2 Blitz"]
[Site "Chess.com"]
[Date "2016.10.04"]
[Round "1"]
[White "underdogchss"]
[Black "AndrewMcStone"]
[Result "0-1"]
[WhiteElo "2395"]
[BlackElo "2027"]
[TimeControl "180+2"]
[EndTime "11:09:54 PDT"]
[Termination "AndrewMcStone won on time"]

1. d4 Nf6 2. Nf3 g6 3. Bg5 Bg7 4. Nbd2 d5 5. c3 O-O 6. e3 c5 7.
Be2 b6 8. O-O Ba6 9. Bxa6 Nxa6 10. a4 h6 11. Bh4 Rc8 12. Qe2 Nb8 13. a5 bxa5 14. Qb5 cxd4 15. Nxd4 e5 16. N4b3 Nc6 17.
Nxa5 Nxa5 18. Qxa5 Qxa5 19. Rxa5 Rb8 20. Rb1 g5 21.
Bg3 Rfe8 22. Rxa7 Ne4 23. Nxe4 dxe4 24. f3 exf3 25. gxf3 Red8 26. Be1 Rd3 27. Kf2 Rbd8 28. Ke2 f5 29. Rba1 f4 30. e4 Re3+ 31. Kf2 Rdd3 32. Rb7 Rxf3+ 33. Kg2 Rfe3 34. Ra8+ Bf8 35. Bf2 Re2 36.
Rbb8 Rdd2 37. Rxf8+ Kg7 38. Rfb8 Rxf2+ 39. Kh3 Kg6 40.
Rb6+ Kh5 41. Rxh6+ Kxh6 42. Kg4 Rg2+ 43. Kf5 Rxh2 44.
Kf6 Kh5 45. Kf5 Kh4 46. Kxe5 f3 47. Rf8 g4 48. Kf4 Kh3 49. Rg8 Rd7 0-1

[Event "*** Titled Tuesday 3|2 Blitz"]
[Site "Chess.com"]
[Date "2016.10.04"]
[Round "1"]
[White "Baggio95"]
[Black "igorkovalenko"]
[Result "1-0"]
[WhiteElo "2366"]
[BlackElo "2615"]
[TimeControl "180+2"]
[EndTime "11:09:59 PDT"]
[Termination "Baggio95 won on time"]

1. e4 e6 2. d4 d5 3. Nc3 Bb4 4. e5 c5 5. a3 Bxc3+ 6. bxc3 Qa5 7. Bd2 Qa4 8. Qb1 c4 9. Ne2 Nc6 10. g3 Bd7 11. Bg2 O-O-O 12. O-O f6 13. exf6 Nxf6 14. Bf4 h6 15. h3 g5 16. Be5 Rhf8 17. Qb2 Be8 18.
f4 g4 19. Bxf6 Rxf6 20. hxg4 Bg6 21. Rac1 Rg8 22. Rf2 Bh7 23. Bh3 Be4 24. Kh2 Kb8 25. Ng1 Rfg6 26. Nf3 Qa5 27. Nd2 Rxg4 28. Bxg4 Rxg4 29.
Rb1 b6 30. Re2 Bf5 31. Re3 h5 32. Qb5 Qxb5 33. Rxb5 h4 34. gxh4 Rxh4+ 35. Kg3 Rh3+ 36. Kf2 Rh2+ 37. Ke1 Kc7 38. Rb2 Ne7 39. Nf1 Rh4 40. Ng3 Kd6 41. Kd2 Rxf4 42. Rb1 Rf2+ 43. Re2 Rf3 44. Nxf5+ 1-0

[Event "*** Titled Tuesday 3|2 Blitz"]
[Site "Chess.com"]
[Date "2016.10.04"]
[Round "1"]
[White "agser"]
[Black "SCIM"]
[Result "0-1"]
[WhiteElo "2511"]
[BlackElo "2280"]
[TimeControl "180+2"]
[EndTime "11:09:59 PDT"]
[Termination "SCIM won by resignation"]

1. d4 Nf6 2. c4 g6 3. Nc3 d5 4.
cxd5 Nxd5 5. e4 Nxc3 6. bxc3 Bg7 7. Be3 c5 8. Qd2 Qa5 9. Rc1 cxd4 10. cxd4 Qxd2+ 11. Bxd2 O-O 12. Nf3 Bg4 13. Be3 Nc6 14. d5 Bxf3 15.
gxf3 Nd4 16. Bh3 Nxf3+ 17. Ke2 Nd4+ 18. Kd3 Nf3 19. Rc7 f5 20. exf5 gxf5 21. Rxe7 Rad8 22. Ke2 Nd4+ 23. Kd3 Rxd5 24. Rxg7+ Kxg7 25. Bxd4+ Kf7 26. Rb1 b6 27. Kc4 Rfd8 28. Be3 f4 29. Bc1 Rc5+ 30.
Kb4 Rd4+ 31. Ka3 Rd3+ 32. Kb2 Rxh3 33. Bxf4 Rb5+ 34. Kc2 Rxb1 35. Kxb1 Rf3 36. Bb8 a5 37. Bc7 b5 38. Bxa5 Rxf2 39. Bc7 Ke6 40. Bg3 Rg2 41. Bc7 Kd5 42. Bg3 Kc4 43. Be5 h5 44. h4 Kd3 45.
Bf6 Rf2 46. Be5 Ke4 47. Bd6 Rd2 48. Be7 Kf5 49. Bg5 Rg2 50. Be7 Kg4 51. a3 Rh2 52. Bf6 Rxh4 53. Kb2 Rh3 54. Be7 Re3 55. Bc5 Rf3 56. Be7 h4 57. Bd6 h3 58. Ka2 h2 59.
Bxh2 Rf2+ 60. Kb3 0-1

[Event "*** Titled Tuesday 3|2 Blitz"]
[Site "Chess.com"]
[Date "2016.10.04"]
[Round "1"]
[White "Kawhi_Leonard2"]
[Black "Drags95"]
[Result "0-1"]
[WhiteElo "1967"]
[BlackElo "2405"]
[TimeControl "180+2"]
[EndTime "11:10:00 PDT"]
[Termination "Drags95 won on time"]

1. e4 e5 2. Nf3 Nc6 3. Bb5 a6 4. Ba4 Nf6 5. O-O Be7 6. Re1 b5 7. Bb3 d6 8. c3 O-O 9. h3 Bb7 10. d4 Re8 11. Nbd2 exd4 12. cxd4 Nd7 13. Nf1 Na5 14. Bc2 c5 15. Ng3 g6 16. Bf4 cxd4 17.
Qxd4 Nc6 18. Qd2 Nde5 19. Rad1 Nxf3+ 20. gxf3 Ne5 21. Kg2 Rc8 22. Bb3 Qb6 23. Bd5 Bxd5 24. Qxd5 Rc2 25. Rd2 Rec8 26. Red1 R2c5 27. Qd4 Qb7 28.
b3 b4 29. Be3 a5 30. f4 Nd7 31. Qd3 Rc3 32. Qd5 Qxd5 33. Rxd5 Nc5 34. e5 dxe5 35. fxe5 a4 36. bxa4 Ne6 37. Rd7 Bh4 38.
Ne4 Ra3 39. Nf6+ Kg7 40. Rb7 Rxa4 41. Rdd7 Rf8 42. Re7 Bxf6 43. Rxe6 Bh4 44. Reb6 Rfa8 45. Rxb4 Rxb4 46. Rxb4 Be7 47. Rb7 Kf8 48. Rb2 Ba3 49.
Rc2 Ke7 50. Kf3 Ke6 51. Ke4 Ra4+ 52. Bd4 Be7 53. Rc6+ Kd7 54. Rc2 h5 55. f4 Ra3 56.
Rb2 Rxh3 57. Rb7+ Ke8 0-1

[Event "*** Titled Tuesday 3|2 Blitz"]
[Site "Chess.com"]
[Date "2016.10.04"]
[Round "1"]
[White "kikydu96"]
[Black "gmjoey1"]
[Result "1-0"]
[WhiteElo "2301"]
[BlackElo "2536"]
[TimeControl "180+2"]
[EndTime "11:10:38 PDT"]
[Termination "kikydu96 won by resignation"]

1. e4 c6 2. d4 d5 3. Nc3 dxe4 4.
Nxe4 Nf6 5. Nxf6+ exf6 6. c3 Bd6 7. Bd3 O-O 8. Ne2 Re8 9. O-O Nd7 10. Bf4 Nf8 11.
Bxd6 Qxd6 12. Ng3 Ng6 13. Re1 Bd7 14. Qd2 Nh4 15. Ne4 Qd5 16. Qf4 Nxg2 17. Kxg2 f5 18. c4 Qxd4 19. Rad1 fxe4 20. Bxe4 Qf6 21. Qxf6 gxf6 22.
Rxd7 f5 23. Rxb7 fxe4 24. Re3 Rab8 25. Rxb8 Rxb8 26. b3 Re8 27. f3 exf3+ 28. Kxf3 Rd8 29. Re7 Rd2 30. Rxa7 Rxh2 31. a4 Rh3+ 32. Ke4 Rxb3 33. Ra6 h5 34. Rxc6 Kg7 35. a5 Ra3 36. a6 h4 37. Rb6 h3 38. c5 h2 39. Rb1 Rxa6 40.
Kd5 Rh6 41. Rh1 Kf8 42. c6 Ke7 43. Kc5 f5 44. Kb6 Kd8 45. Kb7 Rh7+ 46. Kb8 Rh8 47.
Rxh2 Rxh2 48. c7+ Ke7 49. c8=Q Rb2+ 50. Ka7 Ra2+ 51. Kb6 Rb2+ 52. Ka5 Rd2 53. Qxf5 Rd6 54. Kb5 Rf6 55. Qg5 Ke6 56. Qg8+ Ke5 57. Kc5 Rf5 58.
Qg7+ Ke4+ 59. Kc4 Rf4 60. Qg6+ Ke5+ 61. Kc5 Rf5 62. Qd6+ Ke4+ 63. Kc4 Re5 64. Qd3+ Kf4 65. Kd4 Rf5 66. Qe3+ Kg4 67. Ke4 Rf6 68. Qg1+ Kh5 69. Qg7 Rg6 70. Qh7+ Kg5 71. Ke5 Rh6 72. Qf5+ Kh4 73.
Kf4 Rg6 74. Qxg6 1-0

[Event "*** Titled Tuesday 3|2 Blitz"]
[Site "Chess.com"]
[Date "2016.10.04"]
[Round "1"]
[White "daro94"]
[Black "LornerAcosta"]
[Result "1/2-1/2"]
[WhiteElo "2638"]
[BlackElo "2352"]
[TimeControl "180+2"]
[EndTime "11:10:56 PDT"]
[Termination "Game drawn - insufficient material"]

1. e4 c5 2. Nf3 Nc6 3. Bb5 e6 4. Bxc6 bxc6 5. d3 Ne7 6. b3 d6 7.
O-O e5 8. c3 Ng6 9. d4 cxd4 10.
cxd4 exd4 11. Nxd4 Bd7 12. Bb2 Be7 13. Nf5 Bxf5 14. exf5 Ne5 15. f4 Nd7 16. Bxg7 Rg8 17. Bd4 Bf6 18. Nc3 Bxd4+ 19. Qxd4 Qb6 20. Rad1 d5 21.
Rfe1+ Kd8 22. b4 Qxd4+ 23. Rxd4 a6 24. a4 Re8 25. Rxe8+ Kxe8 26. b5 axb5 27. axb5 Ra1+ 28. Kf2 cxb5 29. Nxb5 Nf6 30. Nc7+ Kf8 31. Nxd5 Ra2+ 32. Kg3 Ra3+ 33. Kh4 Nxd5 34. Rxd5 Kg7 35. Rd6 Ra2 36.
Kh3 Ra3+ 37. g3 Ra5 38. Kg4 Rb5 39.
h4 h6 40. Rc6 Ra5 41. Rb6 Rc5 42. Ra6 Rb5 43. h5 f6 44. Ra7+ Kg8 45. Re7 Rb3 46. Kh3 Rb2 47. Re4 Rb3 48. Kh4 Kf7 49. g4 Rb5 50. Re3 Ra5 51. Kg3 Rb5 52. Rd3 Ra5 53. Rd7+ Kg8 54. Rd4 Rb5 55. Kh4 Kf7 56. Kh3 Rb3+ 57.
Kg2 Rb5 58. Kf3 Rb3+ 59. Ke4 Rb5 60. Rd7+ Kg8 61. Kd4 Rb4+ 62. Kd5 Rxf4 63. Ke6 Rxg4 64. Kxf6 Ra4 65. Kg6 Rg4+ 66. Kxh6 Kf8 67. f6 Rg3 68. Rg7 Rf3 69. Rg6 Kf7 70. Kg5 Rg3+ 71. Kf5 Rf3+ 72. Ke5 Re3+ 73. Kf4 Rh3 74. Kg4 Rh1 75. Rh6 Rg1+ 76.
Kh4 Rh1+ 77. Kg3 Rg1+ 78. Kf2 Rh1 79. Kg2 Rh4 80. Kg3 Rh1 81. Rh8 Kxf6 82. h6 Kf7 83. Kg2 Rh5 84. Kg3 Kg6 85. Kg4 Rxh6 86. Rxh6+ Kxh6 1/2-1/2

[Event "*** Titled Tuesday 3|2 Blitz"]
[Site "Chess.com"]
[Date "2016.10.04"]
[Round "1"]
[White "ka1ser64"]
[Black "Lali-Rustavi"]
[Result "0-1"]
[WhiteElo "2374"]
[BlackElo "1828"]
[TimeControl "180+2"]
[EndTime "11:11:00 PDT"]
[Termination "Lali-Rustavi won by resignation"]

1. d4 d5 2. c4 dxc4 3. Nf3 Nf6 4.
e3 Bg4 5. Bxc4 e6 6. Nbd2 Be7 7. Qb3 Qc8 8. Ne5 Bf5 9. f3 O-O 10. e4 Bg6 11. O-O Nbd7 12. Nb1 Nb6 13. Be2 c5 14.
Be3 cxd4 15. Nxg6 hxg6 16. Bxd4 Bc5 17. Bxc5 Qxc5+ 18. Kh1 Rfd8 19. Nc3 Rd2 20. Rad1 Rad8 21. Rxd2 Rxd2 22. Rd1 Qe3 23. Rxd2 Qxd2 24. Kg1 Nh5 25. g3 Nf6 26. Kf2 Qd4+ 27. Kf1 Nfd7 28. Qd1 Qe3 29. Bb5 Ne5 30. Kg2 Nbc4 31. Bxc4 Nxc4 32. Qd8+ Kh7 33.
Qh4+ Kg8 34. Qd8+ Kh7 35. Nd1 Qe2+ 36. Nf2 Ne3+ 37. Kh3 Qxf3 38. Qh4+ Qh5 39. Nd3 Qxh4+ 40. Kxh4 Kg8 41. Nc5 b6 42. Nd7 Nc4 43. b3 Nd2 44. e5 Nf3+ 45. Kh3 Ne1 46. Nb8 Nd3 47. Nc6 a6 48. Kg2 Nc1 49. Nb8 a5 50. Nd7 b5 51. a4 bxa4 52. bxa4 Nd3 53. Nb8 Nxe5 54.
Kf2 Kf8 55. Ke3 Ke7 56. Kd4 Kd6 57. Ke4 Nc4 58. Kd4 Nb2 59. Na6 Nxa4 60. Kc4 Nb2+ 61. Kb3 Nd3 62. Kc4 Ne1 63. Nc5 Nf3 64. h4 Ke5 65. Kd3 Kf5 66. Ke3 Kg4 67. Ne4 Ne5 68. Kf2 a4 69. Nc3 a3 70. Kg2 Nc4 71. Kf2 Nd2 72.
Ke3 Nf1+ 73. Kf2 Nxg3 74. Kg2 Nf5 75. Ne4 Nd4 76. Nd6 a2 77. Nxf7 a1=Q 78. Ne5+ Kf5 0-1

[Event "*** Titled Tuesday 3|2 Blitz"]
[Site "Chess.com"]
[Date "2016.10.04"]
[Round "1"]
[White "platy3"]
[Black "petrpalachev"]
[Result "1-0"]
[WhiteElo "2742"]
[BlackElo "2398"]
[TimeControl "180+2"]
[EndTime "11:11:03 PDT"]
[Termination "platy3 won by resignation"]

1. e4 e6 2. d4 d5 3. Nc3 Nf6 4. e5 Nfd7 5. f4 c6 6. Nf3 c5 7. Be3 b6 8. Qd2 Bb7 9. h4 Nc6 10. h5 cxd4 11. Nxd4 Nxd4 12. Bxd4 h6 13. Bd3 Bc5 14. Nb5 Be7 15. f5 exf5 16. Bxf5 a6 17.
e6 Bh4+ 18. Kf1 O-O 19. exd7 axb5 20. Qe3 Bg5 21. Qf2 Ra6 22. Rh3 Bc6 23. Rd3 Bxd7 24. Kg1 Bxf5 25. Qxf5 Ra7 26. a3 b4 27. a4 Qd6 28. Kh1 Re7 29. Rf1 Re4 30. g3 Qc6 31.
Rf2 Re1+ 32. Kg2 Rc1 33. Rdf3 Re1 34. b3 Qe6 35. Qxe6 Rxe6 36. Rf5 Rd6 37. a5 bxa5 38. Bc5 Rfd8 39. Bxd6 Rxd6 40. Rxf7 Rc6 41. Rf8+ Kh7 42. Ra8 Bf6 43. Rxa5 d4 44. Rd5 Rc3 45. Rd7 Kh8 46. Re2 Kh7 47. Kh3 Rf3 48. Kg4 Rc3 49. Rb7 d3 50.
cxd3 Rxd3 51. Rxb4 Bd8 52. Rc2 Be7 53. Rf4 Bd6 54.
Rf3 Rd4+ 55. Kh3 Rd5 56. g4 Rd4 57. Rc4 Rd2 58. g5 Rh2+ 59. Kg4 Rg2+ 60. Kf5 Rxg5+ 61.
Ke6 Ba3 62. Rf5 Rg3 63. b4 Re3+ 64. Re5 Rb3 65. b5 Bb2 66. Rf5 Bf6 67. Kd7 Kg8 68. Kc6 Bd8 69. Rd5 Ba5 70. Ra4 Rc3+ 71. Rc5 Rxc5+ 72.
Kxc5 Bd8 73. Ra8 1-0

[Event "*** Titled Tuesday 3|2 Blitz"]
[Site "Chess.com"]
[Date "2016.10.04"]
[Round "1"]
[White "avto24"]
[Black "GMNeiksans"]
[Result "0-1"]
[WhiteElo "2345"]
[BlackElo "2652"]
[TimeControl "180+2"]
[EndTime "11:11:15 PDT"]
[Termination "GMNeiksans won by resignation"]

1. e4 c5 2. c3 Nf6 3. e5 Nd5 4. d4 cxd4 5. cxd4 d6 6. Nf3 dxe5 7. dxe5 Nc6 8. Be2 Ndb4 9. Qxd8+ Nxd8 10. Na3 a6 11.
O-O Ndc6 12. Nc4 Bg4 13. h3 Bf5 14. Bf4 e6 15. Rfd1 Nd5 16. Bh2 Bc5 17. Rac1 O-O 18. a3 Rfd8 19. b4 Be7 20. Nd4 Nc3 21. Nxc6 Nxe2+ 22. Kf1 Nxc1 23. Nxe7+ Kf8 24. Rxc1 Kxe7 25. Nd6 Rd7 26.
Bf4 Bd3+ 27. Ke1 Rad8 28. Be3 Rxd6 29. exd6+ Kxd6 30. Bb6 Rd7 31. Kd2 Be4 32. Ke3 Bxg2 33. Bc5+ Ke5 34. Rg1 Bxh3 35. Rxg7 Bf5 36. Rg1 h5 37.
f4+ Kd5 38. Rc1 Rc7 39. Kf2 Ke4 40. Re1+ Kd3 41. Re3+ Kc2 42. Kg3 Rd7 43. Kh4 Bg6 44. Kg5 Rd1 45. a4 Rg1+ 46. Kf6 Rf1 47. Kg5 Kd2 48. Rb3 Ra1 49. a5 Kc2 50. Rh3 Rd1 51. Rh2+ Kc3 52. Rh3+ Kc4 53. Re3 Rd2 54. Rg3 Rc2 55. Rg1 Rh2 56. Rg3 h4 57. Rg1 h3 58.
Kh4 Bf5 59. Kg3 Rd2 60. Rc1+ Kb5 61. Rg1 Rd3+ 62. Kh2 Rf3 63. Bd6 Rd3 64. Bc5 Rd2+ 65. Kg3 Kc6 66. Rc1 Kd5 67. Bf2 Rd3+ 68. Kh2 Rf3 69. Bg3 Rb3 70. Be1 Rb2+ 71. Kg3 h2 72. Bc3 Rc2 73. Rxc2 h1=Q 74. Rd2+ Kc4 75. Be5 Qe1+ 0-1

[Event "*** Titled Tuesday 3|2 Blitz"]
[Site "Chess.com"]
[Date "2016.10.04"]
[Round "1"]
[White "brightthunder"]
[Black "AdrianaNikolova"]
[Result "0-1"]
[WhiteElo "2390"]
[BlackElo "2252"]
[TimeControl "180+2"]
[EndTime "11:11:29 PDT"]
[Termination "AdrianaNikolova won by checkmate"]

1. e4 c5 2. Nf3 Nc6 3. d4 cxd4 4. Nxd4 Nf6 5. Nc3 d6 6. f3 e5 7. Nb3 Be7 8. Be3 O-O 9. Qd2 Be6 10. Nd5 Bxd5 11. exd5 Nb8 12. O-O-O Nbd7 13. Kb1 a5 14. g4 b6 15. Bb5 Nc5 16. Bc6 Ra7 17. Nc1 Nfd7 18.
Ne2 Nb8 19. Bb5 f5 20. Nc3 f4 21. Bxc5 bxc5 22. Qe2 Nd7 23. Bd3 Nb6 24. Nb5 Rb7 25. c4 Bh4 26. Bf5 Kh8 27. Rd2 Re7 28. Rc2 Na8 29. Qd3 g6 30. Be4 Nc7 31. Nc3 Na6 32. a3 Rb7 33. Nb5 Nc7 34. Rd1 Qd7 35. Nc3 Rfb8 36. Ka2 Na6 37. Qd2 Ra8 38. Nb5 Nc7 39.
Bd3 a4 40. Rcc1 Na6 41. Kb1 Nc7 42. Qc2 Kg7 43. Rd2 Qd8 44. Qd1 Qd7 45. Ka1 Qd8 46. Nc3 Qd7 47. Bc2 Rba7 48. Bd3 Ra5 49. Nb5 Rb8 50. Rg2 Rb6 51. g5 Nxb5 52. cxb5 Qh3 53. Qe2 Ra7 54. Rg4 Re7 55. Rc2 Rb8 56. Ka2 c4 57.
Rxc4 Rxb5 58. Rxa4 Rxd5 59. Be4 Rd4 60. Rxd4 exd4 61.
Qd2 Rxe4 62. Rxh4 Qxh4 63. fxe4 Qxg5 64. Qxd4+ Qe5 65. Qd3 Qf6 66. Qf3 g5 67. a4 Qe6+ 68. Ka3 Qc4 69. b3 Qc5+ 70. Ka2 Qe3 71. Qg4 Qd2+ 72.
Ka3 Qc1+ 73. Kb4 Qc5# 0-1